 Dungeon Crawl Stone Soup version 0.28-a0-1236-gb25a51b929 (webtiles) character file.

Game seed: 6711183555822425915

4120 dolemite99 the Party-goer (level 10, -3/126 HPs)
             Began as a Minotaur Gladiator on Dec 25, 2021.
             Was a Believer of Uskayaw.
             Slain by a seven-headed hydra (8 damage)
             ... on level 8 of the Dungeon.
             The game lasted 00:10:44 (11162 turns).

dolemite99 the Party-goer (Minotaur Gladiator)     Turns: 11162, Time: 00:10:45

Health: -3/126     AC: 25    Str: 24    XL:     10   Next: 6%
Magic:  15/15      EV:  2    Int:  5    God:    Uskayaw [**....]
Gold:   75         SH:  3    Dex: 11    Spells: 9/9 levels left

rFire   . . .      SeeInvis .   a - +0 trident
rCold   . . .      Faith    .   s - +0 buckler
rNeg    . . .      Spirit   .   (armour currently unavailable)
rPois   +          Reflect  .   (helmet currently unavailable)
rElec   .          Harm     .   (cloak currently unavailable)
rCorr   .          Rampage  .   (gloves currently unavailable)
Will    .....      NoTele   +   (boots currently unavailable)
Stlth   +.........              (no amulet)
HPRegen 0.31/turn               (no ring)
MPRegen 0.14/turn               (no ring)

@: tree-form
A: stationary, stasis, torment immunity, boosted hp, (horns 2), (retaliatory
headbutt)
a: Renounce Religion, Stomp, Line Pass


You were on level 8 of the Dungeon.
You worshipped Uskayaw.
Uskayaw was aware of your devotion.
You were a tree.
You visited 1 branch of the dungeon, and saw 9 of its levels.

You collected 420 gold pieces.
You spent 345 gold pieces at shops.

Inventory:

Hand Weapons
 a - a +0 trident (weapon)
 b - a +2 spear of venom
 f - a +0 quarterstaff
 n - a +0 whip of venom
Missiles
 d - 3 throwing nets
 h - 254 stones
 i - 4 atropa-tipped darts
 o - 56 poisoned darts (quivered)
 y - 98 bolts
 C - 34 sling bullets
Armour
 c - a +1 hat (melded)
 j - a +0 ring mail
 m - a +0 leather armour
 s - a +0 buckler (worn)
 w - a +0 plate armour
 A - a +0 chain mail (melded)
 B - a +0 kite shield
Jewellery
 t - a ring of ice
Wands
 D - a wand of mindburst (5)
 F - a wand of charming (9)
 I - a wand of acid (2)
Scrolls
 g - 3 scrolls of magic mapping
 k - a scroll of enchant armour
 p - a scroll of vulnerability {unknown}
 q - 3 scrolls of teleportation
 r - a scroll of identify {@r1}
 v - 4 scrolls of fog
Potions
 e - 3 potions of curing
 l - a potion of might
 u - 2 potions of magic {unknown}
 x - 2 potions of ambrosia {unknown}
 z - 3 potions of attraction
 E - a potion of mutation {unknown}
 H - a potion of lignification
 J - a potion of degeneration {unknown}


   Skills:
 + Level 6.8 Fighting
 * Level 8.8(9.4) Polearms
 - Level 4.9(7.5) Staves
 - Level 2.0 Throwing
 + Level 7.0 Armour
 - Level 3.2 Dodging
 - Level 9.1 Invocations


You had 9 spell levels left.
You didn't know any spells.
Your spell library contained the following spells:

 Spells                   Type           Power      Damage    Failure   Level
 Sting                    Tmut/Pois      0%         1d3       65%         1
 Corpse Rot               Necr/Air       0%         N/A       80%         2
 Poisonous Vapours        Pois/Air       0%         N/A       80%         2
 Stone Arrow              Conj/Erth      0%         3d7       95%         3
 Animate Armour           Summ/Erth      0%         N/A       100%        4
 Dispel Undead            Necr           0%         3d6       100%        4
 Olgreb's Toxic Radiance  Pois           0%         N/A       100%        4
 Death Channel            Necr           0%         N/A       100%        6
 Lehudib's Crystal Spear  Conj/Erth      0%         10d2      100%        8


Dungeon Overview and Level Annotations

Branches:
Dungeon (9/15)             Temple (0/1) D:5
   Lair: D:8-11         Orc: D:9-12

Altars:
Cheibriados
Dithmenos
Elyvilon
Uskayaw
Wu Jian
Zin

Shops:
D:1 !   D:5 =   D:8 *

Annotations:
D:5 3 runed translucent doors, Encipher's ghost, novice DsGl; ThrustWizard's ghost, amateur DsGl
D:8 exclusion: downstairs


Innate Abilities, Weirdness & Mutations

You are a tree.
Your roots penetrate the ground, keeping you stationary.
You cannot be teleported.
You are immune to unholy pain and torment.
Your maximum health is greatly increased.
Your equipment is partially melded.
((You have a pair of horns on your head.))
((You reflexively headbutt those who attack you in melee.))


Message History

The seven-headed hydra bites you!
You puncture the seven-headed hydra!
The seven-headed hydra is moderately wounded.
The seven-headed hydra bites you.
The seven-headed hydra bites you but does no damage. x5
The seven-headed hydra bites you.
You feel much better. The seven-headed hydra bites you!
The seven-headed hydra bites you. x2
The seven-headed hydra bites you but does no damage. x2
The seven-headed hydra bites you.
The seven-headed hydra bites you but does no damage.
You barely miss the seven-headed hydra.
The seven-headed hydra is moderately wounded.
The seven-headed hydra bites you. x3
* * * LOW HITPOINT WARNING * * *
The seven-headed hydra bites you.
* * * LOW HITPOINT WARNING * * *
The seven-headed hydra bites you but does no damage.
The seven-headed hydra bites you.
* * * LOW HITPOINT WARNING * * *
The seven-headed hydra bites you but does no damage.
You puncture the seven-headed hydra!
The seven-headed hydra is moderately wounded.
The seven-headed hydra bites you but does no damage.
The seven-headed hydra bites you.
* * * LOW HITPOINT WARNING * * *
The seven-headed hydra bites you but does no damage. x2
The seven-headed hydra bites you!
* * * LOW HITPOINT WARNING * * *
The seven-headed hydra bites you.
* * * LOW HITPOINT WARNING * * *
You block the seven-headed hydra's attack.
You can now pass through a line of other dancers.
You puncture the seven-headed hydra!
The seven-headed hydra is heavily wounded.
The seven-headed hydra bites you!
* * * LOW HITPOINT WARNING * * *
The seven-headed hydra bites you but does no damage.
The seven-headed hydra bites you!
You die...

........<.# #########.####
..........# ##.....#.....##
..........###.............#######
.........................[[[.....
#.........##..........##########.
..........##......)..##...#...##.
..........##........##.........#.
.###.......#....D..)#_...........
.......#.#......♣...##......[..##
[.#........#.........##...#.[.##
#.#.........##........#########
..#..........##.....#..#
.............##.##.###.##
.###....................#
..............###########
..#..........### #.#............#


You could see a seven-headed hydra.

Vanquished Creatures
  Pikel (D:8)
  A cyclops (D:7)
  2 steam dragons
  A vampire mosquito (D:7)
  2 water moccasins
  2 ice beasts
  4 orc warriors
  A necrophage (D:7)
  2 ogres (D:6)
  A phantom (D:4)
  3 centaurs
  2 kobold brigands
  4 bullfrogs
  2 gnoll sergeants
  A wyvern skeleton (D:6)
  3 scorpions
  A water moccasin skeleton (D:5)
  A centaur zombie (D:8)
  A centaur skeleton (D:4)
  A jelly (D:6)
  2 orc priests (D:5)
  2 hounds
  A gnoll shaman (D:6)
  Jessica (D:3)
  Natasha (D:3)
  An iguana (D:6)
  3 orc wizards
  Terence (D:3)
  A killer bee zombie (D:8)
  A howler monkey skeleton (D:5)
  6 adders
  15 gnolls
  A white imp (D:6)
  2 ufetubi
  An adder skeleton (D:4)
  7 worms
  A dart slug (D:1)
  18 orcs
  3 ball pythons
  14 bats
  3 endoplasms
  3 giant cockroaches
  4 goblins
  8 hobgoblins
  A jackal (D:3)
  2 quokkas (D:5)
  18 kobolds
  7 rats
164 creatures vanquished.

Notes
Turn   | Place    | Note
-------+----------+-------------------------------------------
     0 | D:1      | dolemite99 the Minotaur Gladiator began the quest for the
                  | Orb.
     0 | D:1      | Reached XP level 1. HP: 18/18 MP: 0/0
   293 | D:1      | Found Laned's Distillery.
   319 | D:1      | Reached XP level 2. HP: 23/25 MP: 1/1
   353 | D:1      | Found a faded altar of an unknown god.
   365 | D:1      | Prayed at the altar of an unknown god.
   365 | D:1      | Became a worshipper of Uskayaw the Reveller
   365 | D:1      | Reached * piety under Uskayaw
   518 | D:1      | Reached ** piety under Uskayaw
   935 | D:2      | Reached skill level 1 in Polearms
   935 | D:2      | Reached XP level 3. HP: 30/30 MP: 2/2
  2096 | D:3      | Found a white marble altar of Elyvilon.
  2115 | D:3      | Noticed Terence
  2124 | D:3      | Killed Terence
  2125 | D:3      | Reached XP level 4. HP: 34/37 MP: 3/3
  2353 | D:3      | Found a shadowy altar of Dithmenos.
  2417 | D:3      | Reached XP level 5. HP: 23/42 MP: 4/4
  2418 | D:3      | Reached *** piety under Uskayaw
  2624 | D:3      | Noticed Jessica
  2627 | D:3      | Killed Jessica
  2628 | D:3      | Reached skill level 5 in Polearms
  2894 | D:3      | Noticed Natasha
  2911 | D:3      | Killed Natasha
  3081 | D:3      | Reached XP level 6. HP: 50/50 MP: 5/5
  4037 | D:5      | Entered Level 5 of the Dungeon
  4160 | D:5      | Reached XP level 7. HP: 35/56 MP: 6/6
  4168 | D:5      | Reached **** piety under Uskayaw
  4181 | D:5      | Found a runed translucent gate.
  4182 | D:5      | Found a runed translucent gate.
  4183 | D:5      | Found a runed translucent gate.
  4284 | D:5      | Noticed ThrustWizard's ghost (amateur DsGl)
  4284 | D:5      | Noticed Encipher's ghost (novice DsGl)
  4575 | D:5      | Found Esihics's Jewellery Shoppe.
  4602 | D:5      | Found a staircase to the Ecumenical Temple.
  4602 | D:5      | Found an ornate altar of the Wu Jian Council.
  4810 | D:5      | Reached skill level 1 in Armour
  5635 | D:6      | Reached skill level 5 in Armour
  5946 | D:6      | Reached XP level 8. HP: 48/62 MP: 7/7
  6567 | D:6      | Reached skill level 5 in Fighting
  7275 | D:7      | Reached skill level 1 in Invocations
  7448 | D:7      | Reached skill level 2 in Invocations
  7545 | D:7      | Found a snail-covered altar of Cheibriados.
  7575 | D:7      | Reached skill level 3 in Invocations
  7615 | D:7      | Noticed a cyclops
  7636 | D:7      | Killed a cyclops
  7637 | D:7      | Reached skill level 5 in Invocations
  7637 | D:7      | Reached XP level 9. HP: 54/78 MP: 9/11
  8254 | D:7      | Reached skill level 6 in Invocations
  8900 | D:8      | Noticed Pikel
  8909 | D:8      | Reached skill level 7 in Invocations
  9590 | D:8      | Killed Pikel
  9591 | D:8      | Reached skill level 8 in Invocations
 10181 | D:8      | Reached skill level 9 in Invocations
 10310 | D:8      | Reached XP level 10. HP: 17/84 MP: 15/15
 10709 | D:8      | Found Min Her's General Store.
 10721 | D:8      | Bought a potion of heal wounds for 75 gold pieces
 10721 | D:8      | Bought 2 potions of lignification for 90 gold pieces
 10721 | D:8      | Bought a wand of acid (2) for 180 gold pieces
 10801 | D:8      | Found a glowing silver altar of Zin.
 11099 | D:9      | Noticed a wizard
 11100 | D:9      | Noticed a boulder beetle
 11139 | D:9      | Noticed a seven-headed hydra
 11162 | D:8      | HP: 5/126 [seven-headed hydra (7)]
 11162 | D:8      | Slain by a seven-headed hydra

Illustrated notes

Levels and vault maps discovered:
D:1:      giann_bridges, layout_loops_ring, ebering_ecumenical_altar_ruins,
          serial_shops, nicolae_shop_trees, minmay_3d_cube
D:2:      layout_basic, minivault_19
D:3:      minmay_chambers_of_threes, layout_basic, overflow_temple_1_default,
          mainiacjoe_overflow_surrounded_room, roderic_batcave, uniq_jessica,
          uniq_terence, uniq_natasha
D:4:      layout_cave_pools
D:5:      layout_basic, pdpol_wu_jian_five_deadly_venoms,
          minmay_temple_entry_mini_moons, gammafunk_ghost_cemetery,
          gup_sewer_entry_bowl, kennysheep_windowed_goal
D:6:      layout_basic, grunt_ministairs_9
D:7:      layout_gridville, cheibriados_altar_1
D:8:      hangedman_cross_stitches, layout_rooms, marbit_many_paths,
          serial_shops, nicolae_shop_statue_plus, minmay_crystal_water,
          uniq_pikel
D:9:      minmay_diamond_stairs, layout_irregular_city,
          mainiacjoe_overflow_chevrons, serial_shops, shop,
          hellmonk_ghost_happy_afterlife, grunt_ogre_cave,
          nicolae_shop_clearance, uniq_erolcha, uniq_maurice

Skill      XL: |  1  2  3  4  5  6  7  8  9 10 |
---------------+-------------------------------+-----
Staves         | 4 |  4.9
Polearms       | 1 3 4 6 8 |  8.8
Armour         | 5 6 7 |  7.0
Fighting       | 6 |  6.8
Invocations    | 5 9 |  9.1
Throwing       | |  2.0
Dodging        | |  3.2

Action                   |  1- 3 |  4- 6 |  7- 9 | 10-12 || total
-------------------------+-------+-------+-------+-------++-------
Melee: Quarterstaff      |    23 |       |       |       ||    23
       Headbutt          |    17 |    26 |    66 |     1 ||   110
       Spear             |    37 |   160 |   183 |     2 ||   382
       Trident           |       |       |   108 |    16 ||   124
Throw: Dart              |       |       |    46 |     1 ||    47
Evoke: Wand              |       |       |     1 |       ||     1
  Use: Potion            |     1 |       |     4 |     2 ||     7
       Scroll            |       |     1 |     8 |     1 ||    10
 Stab: Paralysed         |       |     2 |     7 |       ||     9
Armor: Leather armour    |     4 |       |       |       ||     4
       Ring mail         |     6 |    29 |       |       ||    35
       Chain mail        |       |    11 |   149 |     9 ||   169
       Skin              |       |       |       |    26 ||    26
Dodge: Dodged            |    22 |    75 |   100 |     7 ||   204
Block: Buckler           |       |    15 |    31 |     4 ||    50

Table legend: (Time is in decaauts)
 A = Elapsed time spent in this place.
 B = Non-inter-level travel time spent in this place.
 C = Inter-level travel time spent in this place.
 D = Time resting spent in this place.
 E = Time spent auto-exploring this place.
 F = Levels seen in this place.
 G = Mean time per level.
                   A        B        C        D        E       F      G
               +--------+--------+--------+--------+--------+-----+--------+
         Total |  11079 |  10860 |    219 |   3866 |   5401 |   9 | 1231.0 |
       Dungeon |  11079 |  10860 |    219 |   3866 |   5401 |   9 | 1231.0 |
               +--------+--------+--------+--------+--------+-----+--------+

Top non-repeatable levels by time:
     D:7: 1982 daAuts
     D:6: 1895 daAuts
     D:8: 1858 daAuts
     D:3: 1389 daAuts
     D:5: 1275 daAuts
     D:1: 1229 daAuts
     D:2: 862 daAuts
     D:4: 537 daAuts
     D:9: 49 daAuts
